AoeStats
← Knoppix

Black Forest

504488492Analyzed
1v1 RM · 28d ago on Sep 5, 2026· 52m 9s· 2 players
Game mode
Random Map
Map size
Tiny (2 player)
Population
200
Speed
Normal
Resources
Standard
Victory
Conquest
Starting age
Dark Age
Ending age
Imperial Age
RankedLock teamsTeams togetherTeam positionsShared explorationLock speedFull tech treeHidden civsTurbo modeCheats
Victory
Defeat
🇩🇪 Burgundians · Germany
799
+17
🇩🇪 Vietnamese · Germany
810
-17
DerAbsolute5049
0:35 Loom
15:08 Feudal Age
13:32 Double-Bit Axe
13:29 Horse Collar
15:14 Gold Mining
17:09 Wheelbarrow
22:03 Castle Age
20:21 Fletching
21:06 Bow Saw
20:59 Heavy Plow
22:01 Gold Shaft Mining
22:27 Forging
22:22 Scale Barding Armor
22:27 Cavalier
23:42 Husbandry
24:08 Light Cavalry
28:45 Hand Cart
30:10 Stone Mining
30:25 Treadmill Crane
31:06 Ballistics
31:52 Stone Shaft Mining
32:18 Crop Rotation
34:10 Bodkin Arrow
34:05 Town Watch
34:52 Murder Holes
39:13 Imperial Age
37:36 Masonry
37:30 Padded Archer Armor
38:43 Two-Man Saw
38:27 Burgundian Vineyards
38:50 Leather Archer Armor
39:26 Fortified Wall
39:34 Town Patrol
41:16 Chemistry
40:01 Arrowslits
40:40 Conscription
40:58 Bracer
41:57 Architecture
40:55 Hussar
42:16 Iron Casting
42:19 Chain Barding Armor
43:04 Hoardings
42:34 Onager
45:18 Blast Furnace
44:54 Plate Barding Armor
46:04 Elite Skirmisher
Knoppix
5:57 Loom
16:30 Feudal Age
20:02 Fletching
27:20 Castle Age
25:54 Padded Archer Armor
31:23 Bodkin Arrow
32:06 Horse Collar
32:26 Double-Bit Axe
32:26 Pikeman
34:36 Squires
36:50 Heavy Plow
39:36 Bow Saw
45:13 Imperial Age
45:25 Leather Archer Armor
46:08 Wheelbarrow
45:22 Town Watch
47:48 Chemistry
47:11 Ballistics
48:28 Block Printing
48:54 Sanctity
49:36 Paper Money
50:16 Hand Cart
50:06 Town Patrol
Connection lost

Rejoining the realm…

Still unreachable

The connection could not be restored.

Session expired

The server has moved on; the page needs a fresh start.